 Dungeon Crawl Stone Soup version 0.22-a0-305-gd21a89c (webtiles) character file.

101 Borgoz the Skirmisher (level 4, 0/41 HPs)
             Began as a Hill Orc Fighter on Mar 31, 2018.
             Slain by an orc
             ... wielding a +0 trident
              (2 damage)
             ... on level 3 of the Dungeon.
             The game lasted 00:03:27 (1570 turns).

Borgoz the Skirmisher (Hill Orc Fighter)            Turns: 1570, Time: 00:03:28

Health: 0/41       AC:  7    Str: 23    XL:     4   Next: 75%
Magic:  4/4        EV:  8    Int: 11    God:
Gold:   126        SH:  9    Dex: 11    Spells: 3/3 levels left

rFire    . . .     SeeInvis .   a - +0 war axe
rCold    . . .     Gourm    .   c - +0 shield
rNeg     . . .     Faith    .   b - +0 scale mail
rPois    .         Spirit   .   (no helmet)
rElec    .         Reflect  .   (no cloak)
rCorr    .         Harm     .   (no gloves)
MR       .....                  (no boots)
Stlth    ..........             (no amulet)
HPRegen  0.13/turn              e - +3 ring of intelligence
MPRegen  0.09/turn              (no ring)

@: mighty
A: no striking features
a: no special abilities


You were on level 3 of the Dungeon.
You were hungry.

You visited 1 branch of the dungeon, and saw 3 of its levels.

You collected 126 gold pieces.

Inventory:

Hand Weapons
 a - a +0 war axe (weapon)
Armour
 b - a +0 scale mail (worn)
 c - a +0 shield (worn)
Jewellery
 e - a +3 ring of intelligence (left hand)
 p - an uncursed ring of ice
Wands
 s - a wand of iceblast (10)
Scrolls
 h - 2 scrolls of amnesia {unknown}
 i - 2 scrolls of enchant armour {unknown}
 k - 2 scrolls of remove curse {unknown}
 l - 2 scrolls of immolation {unknown}
 o - a scroll of identify {unknown}
 q - 4 scrolls of teleportation {unknown}
 r - a scroll of fear {unknown}
Potions
 g - a potion of ambrosia {unknown}
 j - a potion of curing {unknown}
 m - a potion of heal wounds {unknown}
 n - a potion of lignification {unknown}
 u - a potion of degeneration {unknown}
Comestibles
 f - 4 rations
 t - a chunk of flesh


   Skills:
 + Level 4.3 Fighting
 + Level 3.6 Axes
 + Level 3.8 Armour
 + Level 1.3 Dodging
 + Level 3.9 Shields


You had 3 spell levels left.
You didn't know any spells.

Dungeon Overview and Level Annotations

Branches:
Dungeon (3/15)

Altars:
Gozag
Kikubaaqudgha


Message History

You closely miss the orc. The orc hits you with a trident.
* * * LOW HITPOINT WARNING * * *
You barely miss the orc. The orc hits you with a trident.
* * * LOW HITPOINT WARNING * * *
You closely miss the orc. You block the orc's attack.
You feel very mighty all of a sudden. The orc closely misses you.
Your shield and scale mail prevent you from hitting the orc.
The orc completely misses you.
You hit the orc.
The orc is almost dead.
You block the orc's attack.
You closely miss the orc.
The orc is almost dead.
You block the orc's attack. The orc hits you with a trident.
* * * LOW HITPOINT WARNING * * *
You closely miss the orc.
The orc is almost dead.
The orc hits you with a trident.
You die...

#.......##.......#
#.......###......#
##......##.......#
##........((....#
#.....##().†...#
##...###<.....###
#...#..........#
#.#...###..#.#..##
#@#...###.†#.##.>.
##o#.#.............
#..#.##............
##..#.#.............
######.....#.......[.....
........#................
.........................
........#.†..............
....$..((%..........†....


You could see an orc.

Vanquished Creatures
  3 adders (D:2)
  An ooze (D:1)
  A worm (D:3)
  2 dart slugs
  A leopard gecko (D:3)
  10 bats
  A giant cockroach (D:2)
  8 goblins
  4 hobgoblins
  3 jackals (D:3)
  9 kobolds
  A quokka (D:3)
  5 frilled lizards
  13 rats
62 creatures vanquished.

Notes
Turn   | Place    | Note
-------+----------+-------------------------------------------
     0 | D:1      | Borgoz the Hill Orc Fighter began the quest for the Orb.
     0 | D:1      | Reached XP level 1. HP: 19/19 MP: 1/1
   276 | D:1      | Reached XP level 2. HP: 26/27 MP: 2/2
   741 | D:2      | Reached XP level 3. HP: 31/33 MP: 3/3
   752 | D:2      | Reached skill level 4 in Fighting
   785 | D:2      | Found an opulent altar of Gozag.
   934 | D:2      | Reached skill level 1 in Dodging
   950 | D:2      | Reached XP level 4. HP: 38/40 MP: 4/4
  1407 | D:3      | Found an ancient bone altar of Kikubaaqudgha.
  1569 | D:3      | HP: 1/41 [orc/trident (3)]
  1570 | D:3      | Slain by an orc

Vault maps used:
D:1:      mrwooster_arrival_arrow
D:2:      grunt_gozag_statues, minmay_hexomino_u4
D:3:      overflow_temple_1_default, first_ration, nicolae_underground_beach

Skill      XL: |  1  2  3 |
---------------+----------+-----
Axes           | 3 |  3.6
Fighting       | 4 |  4.3
Dodging        | 1 |  1.3
Armour         | |  3.8
Shields        | |  3.9

Action                   |  1- 3 |  4- 6 || total
-------------------------+-------+-------++-------
Melee: War axe           |    94 |    98 ||   192
  Use: Potion            |       |     1 ||     1
  Eat: Chunk             |       |     2 ||     2
Armor: Scale mail        |    57 |    52 ||   109
Dodge: Dodged            |    36 |    43 ||    79
Block: Shield            |    52 |    72 ||   124

Table legend:
 A = Spawn XP
 B = Non-spawn XP
 C = Spawn XP percentage of total XP
 D = Spawn monster count
 E = Non-spawn monster count
 F = Spawn count percentage of total count
 G = Total turns spent on level
                    A         B        C        D         E        F      G
               +---------+---------+-------+---------+---------+-------+---------
         Total |       0 |     145 |   0.0 |       0 |      62 |   0.0 |  1570
               +---------+---------+-------+---------+---------+-------+---------
           D:1 |       0 |      30 |   0.0 |       0 |      14 |   0.0 |   719
           D:2 |       0 |      84 |   0.0 |       0 |      30 |   0.0 |   637
           D:3 |       0 |      31 |   0.0 |       0 |      18 |   0.0 |   214
               +---------+---------+-------+---------+---------+-------+---------
